AoeStats
← Idle Villager

Migration

509530169Analyzed
1v1 RM · 6d ago on Sep 27, 2026· 46m 23s· 2 players
Game mode
Random Map
Map size
132×132
Population
200
Speed
Normal
Resources
Standard
Victory
Conquest
Starting age
Dark Age
Ending age
Imperial Age
RankedLock teamsTeams togetherTeam positionsShared explorationLock speedFull tech treeHidden civsTurbo modeCheats
Victory
Defeat
🇺🇸 Khmer · United States
740
+17
🇲🇽 Portuguese · Mexico
755
-17
Idle Villager
7:55 Loom
12:27 Feudal Age
12:21 Loom
12:58 Double-Bit Axe
13:01 Horse Collar
13:39 Gold Mining
14:16 Stone Mining
14:54 Fishing Lines
21:15 Castle Age
22:12 Gillnets
22:36 Medium Warships
27:46 Imperial Age
30:10 Bow Saw
32:03 Wheelbarrow
35:59 Hand Cart
36:21 Town Watch
38:28 Bloodlines
38:18 Husbandry
37:39 Light Cavalry
39:08 Forging
39:04 Scale Barding Armor
40:43 Conscription
41:53 Chain Barding Armor
42:09 Iron Casting
42:16 Town Patrol
StoneWalling
2:56 Loom
11:59 Feudal Age
12:25 Double-Bit Axe
18:18 Castle Age
18:25 Forging
18:01 Horse Collar
18:54 Stone Mining
18:56 Gold Mining
20:00 Bow Saw
21:42 Wheelbarrow
25:18 Fletching
26:44 Murder Holes
31:08 Masonry
33:20 Iron Casting
32:48 Padded Archer Armor
35:49 Elite Skirmisher
38:14 Husbandry
38:27 Bloodlines
40:34 Iron Casting
41:55 Scale Barding Armor
Connection lost

Rejoining the realm…

Still unreachable

The connection could not be restored.

Session expired

The server has moved on; the page needs a fresh start.